 Seeded DCSS version 0.29.1-13-g9f3cf754e1 (webtiles) character file.

Game seed: 1 (custom seed)

14765 Kazon the Carver (level 11, 0/94 HPs)
             Began as a Purple Draconian Fighter on Jan 30, 2023.
             Was a High Priest of Okawaru.
             Slain by a troll (13 damage)
             ... on level 12 of the Dungeon on Jan 31, 2023.
             The game lasted 00:42:22 (9130 turns).

Kazon the Carver (Purple Draconian Fighter)         Turns: 9130, Time: 00:42:23

Health: 0/94       AC: 10    Str: 18    XL:     11   Next: 93%
Magic:  15/15      EV: 15    Int: 10    God:    Okawaru [*****.]
Gold:   637        SH:  6    Dex: 14    Spells: 10/10 levels left

rFire   + . .      SeeInvis .   s - +3 falchion of Winter {venom, rCorr}
rCold   + + .      Faith    .   h - +0 buckler
rNeg    + . .      Spirit   .   (body armour unavailable)
rPois   .          Reflect  .   (helmet restricted)
rElec   .          Harm     .   O - scarf {rC+ rF+}
rCorr   +          Rampage  .   (no gloves)
Will    +....                   k - +2 pair of boots
Stlth   +++.......              d - amulet of regeneration
HPRegen 1.05/turn               q - ring of positive energy
MPRegen 0.14/turn               A - ring of protection from cold

@: no status effects
A: breathe power, AC +7, unfitting armour, cold-blooded
a: Breathe Dispelling Energy, Renounce Religion, Heroism, Finesse, Duel


You were on level 12 of the Dungeon.
You worshipped Okawaru.
Okawaru was extremely pleased with you.
You visited 2 branches of the dungeon, and saw 13 of its levels.

You collected 863 gold pieces.
You spent 226 gold pieces at shops.

Inventory:

Hand Weapons
 a - the +5 long sword of the Land of Plenty {drain, Dex+3}
   (You found it on level 10 of the Dungeon)

   A truly terrible weapon, it drains the life of any living foe it strikes.
   Dex:       It affects your dexterity (+3).
 e - a +2 dagger of venom
 s - the +3 falchion of Winter (weapon) {venom, rCorr}
   (You bought it in a shop on level 3 of the Dungeon)

   It poisons the flesh of those it strikes.
   rCorr:     It protects you from acid and corrosion.
Missiles
 j - 50 stones (quivered)
 n - 23 boomerangs
 v - a throwing net
 E - 35 poisoned darts
 G - 4 curare-tipped darts
 N - a silver javelin
Armour
 h - a +0 buckler (worn)
 k - a +2 pair of boots (worn)
 O - a scarf of resistance (worn)
Jewellery
 d - an amulet of regeneration (around neck)
 q - a ring of positive energy (left hand)
 A - a ring of protection from cold (right hand)
 J - a ring of protection from cold
Wands
 y - a wand of mindburst (20)
 z - a wand of flame (33)
 C - a wand of paralysis (26)
 H - a wand of roots (6)
 P - a wand of polymorph (7)
Scrolls
 i - 11 scrolls of identify
 l - a scroll of immolation
 o - 3 scrolls of fog {unknown}
 p - 2 scrolls of poison {unknown}
 t - a scroll of magic mapping {unknown}
 u - 2 scrolls of noise {unknown}
 w - 4 scrolls of teleportation
 D - 3 scrolls of fear
 I - a scroll of summoning {unknown}
 L - a scroll of amnesia {unknown}
 M - 2 scrolls of enchant weapon {unknown}
 R - a scroll of vulnerability {unknown}
Potions
 b - 3 potions of berserk rage
 c - 2 potions of might
 f - 3 potions of flight {unknown}
 g - 5 potions of attraction {unknown}
 m - 2 potions of haste {unknown}
 r - 5 potions of lignification {unknown}
 x - a potion of ambrosia
 B - 2 potions of cancellation {unknown}
 Q - a potion of invisibility {unknown}
Miscellaneous
 K - a condenser vane
 S - a phial of floods


   Skills:
 + Level 8.1 Fighting
 + Level 5.7(8.3) Short Blades
 + Level 9.3(10.0) Long Blades
 + Level 5.0 Throwing
 + Level 7.9 Dodging
 + Level 5.6 Stealth
 + Level 7.6 Shields
 * Level 5.8 Invocations
 * Level 6.7 Evocations


You had 10 spell levels left.
You didn't know any spells.
Your spell library contained the following spells:

 Spells                   Type           Power      Damage    Failure   Level
 Apportation              Tloc           0%         N/A       43%         1
 Magic Dart               Conj           0%         1d3       43%         1
 Necrotise                Necr           0%         1d4       43%         1
 Sting                    Tmut/Pois      0%         1d3       43%         1
 Poisonous Vapours        Pois/Air       0%         N/A       56%         2
 Mephitic Cloud           Conj/Pois/Air  0%         N/A       80%         3
 Ozocubu's Armour         Ice            0%         N/A       80%         3
 Olgreb's Toxic Radiance  Pois           0%         N/A       99%         4
 Fireball                 Conj/Fire      0%         3d3       100%        5
 Iskenderun's Battlesphe  Conj           0%         2d6       100%        5
 Metabolic Englaciation   Hex/Ice        0%         N/A       100%        5
 Conjure Ball Lightning   Conj/Air       0%         3x3d6     100%        6
 Orb of Destruction       Conj           0%         9d5       100%        7
 Summon Small Mammal      Summ           Unusable   N/A       N/A         1
 Call Imp                 Summ           Unusable   N/A       N/A         2
 Simulacrum               Ice/Necr       Unusable   N/A       N/A         6

Dungeon Overview and Level Annotations

Branches:
Dungeon (12/15)            Temple (1/1) D:7            Lair (0/5) D:10
    Orc: D:9-12

Altars:
Ashenzari
Dithmenos
Elyvilon
Gozag
Hepliaklqana
Makhleb
Nemelex Xobeh
Okawaru
Uskayaw
Xom

Shops:
D:3 (   D:8 ?(==   D:10 :


Innate Abilities, Weirdness & Mutations

You can breathe bolts of dispelling energy.
Your rich purple scales are hard. (AC +7)
You cannot fit into any form of body armour.
You are cold-blooded and may be slowed by cold attacks.


Message History

Your tail-slap misses the manticore.
The manticore is lightly wounded.
The manticore bites you!
* * * LOW HITPOINT WARNING * * *
The manticore claws you but does no damage.
The manticore barely misses you.
You barely miss the manticore.
You tail-slap the manticore, but do no damage.
The manticore is lightly wounded.
Your +2 dagger of venom stops dripping with poison.
The +3 falchion of Winter {venom, rCorr} begins to drip with poison!
s - the +3 falchion of Winter (weapon)
{venom, rCorr} The manticore barely misses you.
The manticore claws you!
* * * LOW HITPOINT WARNING * * *
The manticore closely misses you.
You hit the manticore but do no damage.
The manticore looks as sick as possible!
You tail-slap the manticore, but do no damage.
The manticore is moderately wounded.
The manticore bites you.
* * * LOW HITPOINT WARNING * * *
The manticore closely misses you. You block the manticore's attack.
You feel better. The manticore bites you.
* * * LOW HITPOINT WARNING * * *
The manticore misses you. x2
The manticore flicks its tail.
You block the volley of spikes. The troll bites you.
* * * LOW HITPOINT WARNING * * *
The troll claws you but does no damage. The troll closely misses you.
The troll attacks as you move away! The troll closely misses you.
The troll barely misses you. The troll claws you.
* * * LOW HITPOINT WARNING * * *
Unknown command.
You slash the troll!
The troll is poisoned.
The troll is moderately wounded.
The troll barely misses you. The troll completely misses you.
The troll claws you.
* * * LOW HITPOINT WARNING * * *
You feel better. The troll bites you!
You die...

!..... .......
......### #.##..
........## #.##.#
#......<.#.#.#..#
#..........#.#..###.#
####................#
##...#.##.#H##.#.#
......##.#T# #
###.#..##)#@#
#.#..##.#.#
#.#..##.#.# #..##.#.#
#..##.#.# #..##.#.#
#..##.#.#
#..##.#.####.#
#..............


You could see a manticore (extremely poisoned) and a troll (very poisoned).

Vanquished Creatures
  Erolcha (D:10)
  2 two-headed ogres
  An ugly thing (D:11)
  Maggie (D:6)
  An unseen horror (D:12)
  4 kobold demonologists (D:11)
  2 trolls (D:10)
  Prince Ribbit (D:9)
  2 shadows
  A vampire (D:10)
  22 yaks
  2 wyverns
  Eustachio (D:5)
  2 steam dragons
  Menkaure (D:5)
  Edmund (D:6)
  2 acid dragons
  4 water moccasins
  5 orc warriors
  An ice beast (D:8)
  5 sky beasts
  2 black bears (D:6)
  5 centaurs
  An ogre (D:6)
  A wolf (D:10)
  2 phantoms (D:6)
  3 kobold brigands
  3 necrophages
  A bullfrog (D:7)
  A gnoll sergeant (D:7)
  5 scorpions
  21 wights
  3 killer bees (D:10)
  An electric eel (D:10)
  A howler monkey (D:5)
  2 jellies (D:6)
  6 hounds
  7 orc priests
  A gnoll bouda (D:7)
  6 iguanas
  4 orc wizards
  Robin (D:3)
  15 gnolls
  13 adders
  3 shadow imps
  2 white imps (D:7)
  An ufetubus (D:5)
  3 worms
  37 orcs
  11 endoplasms
  A giant cockroach (D:1)
  16 goblins
  9 hobgoblins
  A jackal (D:4)
  26 kobolds
  2 quokkas
  5 ball pythons
  4 bats
  3 frilled lizards
  6 rats
297 creatures vanquished.

Notes
Turn   | Place    | Note
-------+----------+-------------------------------------------
     0 | D:1      | Kazon the Draconian Fighter began the quest for the Orb.
     0 | D:1      | Reached XP level 1. HP: 19/19 MP: 1/1
    33 | D:1      | Identified a scroll of acquirement
    33 | D:1      | Acquired an amulet of regeneration
   156 | D:1      | Reached XP level 2. HP: 26/26 MP: 2/2
   865 | D:2      | Reached XP level 3. HP: 31/31 MP: 3/3
  1238 | D:2      | Reached XP level 4. HP: 23/40 MP: 4/4
  1243 | D:2      | Reached skill level 3 in Long Blades
  1394 | D:3      | Found Umat's Antique Weapon Boutique.
  1423 | D:3      | Bought a crude falchion for 184 gold pieces
  1423 | D:3      | Identified the +3 falchion of Winter {venom, rCorr} (You
                  | bought it in a shop on level 3 of the Dungeon)
  1725 | D:3      | Reached XP level 5. HP: 46/46 MP: 5/5
  1737 | D:3      | Noticed Robin
  1747 | D:3      | Reached skill level 1 in Short Blades
  1761 | D:3      | Killed Robin
  1807 | D:3      | Reached skill level 5 in Long Blades
  1807 | D:3      | Reached skill level 5 in Dodging
  1807 | D:3      | Reached skill level 5 in Shields
  1807 | D:3      | Reached XP level 6. HP: 58/58 MP: 6/6
  2373 | D:4      | Your scales start taking on a rich purple colour.
  2373 | D:4      | Reached XP level 7. HP: 64/64 MP: 7/7
  2420 | D:4      | Found a hazy altar of Hepliaklqana.
  2873 | D:5      | Entered Level 5 of the Dungeon
  2898 | D:5      | Noticed Menkaure
  2916 | D:5      | Killed Menkaure
  2991 | D:5      | Reached skill level 6 in Long Blades
  2991 | D:5      | Reached XP level 8. HP: 63/71 MP: 8/8
  3315 | D:5      | Noticed Eustachio
  3379 | D:5      | Reached skill level 5 in Stealth
  3422 | D:5      | Killed Eustachio
  3783 | D:6      | Reached skill level 1 in Evocations
  4007 | D:6      | Reached XP level 9. HP: 74/78 MP: 9/9
  4104 | D:6      | Reached skill level 5 in Short Blades
  4116 | D:6      | Noticed Edmund
  4142 | D:6      | Killed Edmund
  4368 | D:7      | Found a staircase to the Ecumenical Temple.
  4382 | Temple   | Entered the Ecumenical Temple
  4389 | Temple   | Became a worshipper of Warmaster Okawaru
  4431 | D:7      | Found a hide-covered altar of Uskayaw.
  4700 | D:6      | Noticed Maggie
  4726 | D:6      | Killed Maggie
  4726 | D:6      | Reached * piety under Okawaru
  4727 | D:6      | Reached skill level 1 in Invocations
  5072 | D:7      | Reached XP level 10. HP: 50/86 MP: 10/10
  5097 | D:7      | Found a white marble altar of Elyvilon.
  5392 | D:7      | Reached ** piety under Okawaru
  5712 | D:8      | Found Heidghoki's Jewellery Shop.
  5832 | D:8      | Found Quzidd's Magic Scroll Emporium.
  5847 | D:8      | Bought a scroll of teleportation for 42 gold pieces
  5931 | D:8      | Found Esumer's Weapon Shop.
  5946 | D:8      | Reached skill level 7 in Long Blades
  6226 | D:8      | Found Zoxtaeshakh's Jewellery Boutique.
  6846 | D:9      | Noticed Prince Ribbit
  6870 | D:9      | Killed Prince Ribbit
  6945 | D:9      | Noticed a two-headed ogre
  6956 | D:9      | Killed a two-headed ogre
  6956 | D:9      | Reached *** piety under Okawaru
  6957 | D:9      | Reached skill level 5 in Evocations
  7123 | D:10     | Entered Level 10 of the Dungeon
  7176 | D:10     | Found a staircase to the Lair.
  7236 | D:10     | Noticed Erolcha
  7238 | D:10     | Killed Erolcha
  7238 | D:10     | Reached **** piety under Okawaru
  7239 | D:10     | Reached XP level 11. HP: 92/92 MP: 14/14
  7258 | D:10     | Identified the +5 long sword of the Land of Plenty {drain,
                  | Dex+3}
  7264 | D:10     | Found Juagoaq's Book Shoppe.
  7539 | D:10     | Received a gift from Okawaru
  7540 | D:10     | Reached skill level 8 in Long Blades
  7797 | D:10     | Reached skill level 5 in Invocations
  8046 | D:10     | Reached ***** piety under Okawaru
  8187 | D:11     | Noticed a green ugly thing
  8201 | D:11     | Killed a green ugly thing
  8308 | D:11     | Received a gift from Okawaru
  8334 | D:11     | Reached skill level 9 in Long Blades
  8334 | D:11     | Reached skill level 5 in Throwing
  9064 | D:12     | Noticed a two-headed ogre
  9096 | D:12     | Killed a two-headed ogre
  9127 | D:12     | HP: 2/94 [troll (5)]
  9130 | D:12     | Slain by a troll

Illustrated notes

Levels and vault maps discovered:
D:1:      dpeg_arrival_three_smaller_balls, layout_basic
D:2:      layout_loops_ring
D:3:      layout_basic, serial_shops, nicolae_shop_stone, st_stairs_9,
          minmay_misc_feat_doors, eino_curves_03, uniq_robin
D:4:      minmay_wonky_spiral, layout_basic,
          mainiacjoe_overflow_surrounded_room, minivault_5
D:5:      layout_cave_pods, uniq_menkaure, uniq_eustachio
D:6:      cheibrodos_barr_body, layout_basic, minmay_crystal_room,
          minmay_pentangle, uniq_maggie, uniq_edmund
D:7:      layout_cave_pools, nicolae_uskayaw_murder_on_the_dancefloor,
          elyvilon_altar_4, minmay_temple_entry_purple_smoke
D:8:      layout_basic, serial_shops, shop_statue, kennysheep_little_box, shop,
          nicolae_shop_window_shopping
D:9:      layout_cave_pools, uniq_prince_ribbit1
D:10:     layout_stronghold, erik_lair_island, serial_shops,
          nicolae_shop_statue_plus, uniq_erolcha
D:11:     layout_roguey
D:12:     layout_loops_ring, orc_0_dummy, chequers_serial_rivers_marsh,
          uniq_lodul, uniq_nessos, uniq_rupert
Temple:   nicolae_temple_bog_church

Skill      XL: |  1  2  3  4  5  6  7  8  9 10 11 |
---------------+----------------------------------+-----
Dodging        | 3 5 6 7 |  7.9
Long Blades    | 3 5 6 7 9 |  9.3
Fighting       | 4 6 7 8 |  8.1
Short Blades   | 4 5 |  5.7
Throwing       | 4 5 |  5.0
Stealth        | 4 5 |  5.6
Shields        | 5 6 7 |  7.6
Evocations     | 2 4 5 6 |  6.7
Invocations    | 1 4 5 |  5.8

Action                   |  1- 3 |  4- 6 |  7- 9 | 10-12 || total
-------------------------+-------+-------+-------+-------++-------
Melee: Long sword        |    73 |       |       |   250 ||   323
       Tailslap          |     5 |    15 |    70 |    94 ||   184
       Dagger            |    17 |    99 |   196 |    71 ||   383
       Falchion          |       |    25 |   256 |   208 ||   489
Throw: Stone             |     1 |    22 |    20 |    45 ||    88
       Dart              |       |       |       |     5 ||     5
Invok: Heroism           |       |       |       |     5 ||     5
 Abil: Breathe Dispellin |       |       |    17 |     4 ||    21
Evoke: Wand              |       |       |       |    10 ||    10
  Use: Scroll            |     1 |       |     2 |     2 ||     5
       Potion            |       |     1 |     4 |     2 ||     7
 Stab: Sleeping          |     1 |     3 |     7 |     9 ||    20
Armor: Skin              |    23 |    33 |   157 |   103 ||   316
Dodge: Dodged            |    60 |    61 |   294 |   278 ||   693
Block: Buckler           |    23 |    18 |   133 |   134 ||   308
